 Dungeon Sprint DCSS version 0.28-a0-991-g956f0ee3d5 (webtiles) character file.

Game seed: 8351530977523930808

75909280 mhtbhm the Conqueror (level 23, 157/240 HPs)
             Began as a Minotaur Fighter on Dec 4, 2021.
             Was an Initiate of Gozag.
             Escaped with the Orb
             ... and 17 runes!
             The game lasted 00:47:27 (24185 turns).

mhtbhm the Conqueror (Minotaur Fighter)            Turns: 24185, Time: 00:47:27

Health: 157/240    AC: 50    Str: 36    XL:     23   Next: 60%
Magic:  34/47      EV: 23    Int:  6    God:    Gozag
Gold:   30210      SH: 36    Dex: 19    Spells: 67/76 levels left

rFire   + + .      SeeInvis .   l - +9 trishula (holy)
rCold   + . .      Faith    .   c - +5 tower shield
rNeg    + . .      Spirit   .   b - +12 gold dragon scales
rPois   +          Reflect  +   Q - +0 hat of the Beekeeper {Str+6 Dex+4}
rElec   .          Harm     .   z - +1 cloak {Will+}
rCorr   +          Rampage  +   L - +2 pair of gloves {infuse}
Will    +++..      NoTele   +   y - +2 pair of boots {rampage}
Stlth   +.........              m - amulet "Qettetha" {Reflect rPois rN+ SH+5}
HPRegen 0.50/turn               O - ring "Moxkioju" {rF+ rCorr Int+3 Dex+2}
MPRegen 0.30/turn               E - ring "Mudazegi" {Will+ Dex+3 Slay+3}

@: gold aura
A: horns 2, retaliatory headbutt, clumsy 1, dopey 1, low mp 1, sense
surroundings 1
0: Orb of Zot
}: 17/17 runes: decaying, serpentine, barnacled, slimy, elven, silver, golden,
iron, obsidian, icy, bone, abyssal, glowing, magical, fiery, dark, gossamer
a: Renounce Religion, Potion Petition, Call Merchant, Bribe Branch


You escaped.
You worshipped Gozag.
Gozag was extremely pleased with you.
You visited 1 branch You collected 77788 gold pieces.
You spent 8153 gold pieces at shops.
You paid 39425 gold pieces to Gozag.

Inventory:

Hand Weapons
 a - the +8 broad axe of Balance {antimagic, rN+ Int+4 Dex+3}
   (You bought it in a shop in the Dungeon)

   It reduces the magical energy of the wielder, and disrupts the spells and
   magical abilities of those it strikes.
   Natural abilities and divine invocations are not affected.
   Int:       It affects your intelligence (+4).
   Dex:       It affects your dexterity (+3).
   rN:        It protects you from negative energy.
 l - a +9 trishula of holy wrath (weapon)
 D - a +3 long sword of holy wrath
Missiles
 B - 3 javelins
 M - 5 silver javelins (quivered)
Armour
 b - +12 gold dragon scales (worn)
 c - a +5 tower shield (worn)
 y - a +2 pair of boots of rampaging (worn)
 z - a +1 cloak of willpower (worn)
 L - a +2 pair of gloves of infusion (worn)
 Q - the +0 hat of the Beekeeper (worn) {Str+6 Dex+4}
   (You found it in the Dungeon)

   Str:       It affects your strength (+6).
   Dex:       It affects your dexterity (+4).
Jewellery
 m - the amulet "Qettetha" (around neck) {Reflect rPois rN+ SH+5}
   (You found it in the Dungeon)

   [amulet of reflection]

   It reflects blocked missile attacks.
   rPois:     It protects you from poison.
   rN:        It protects you from negative energy.
   SH:        It affects your SH (+5).
 E - the ring "Mudazegi" (right hand) {Will+ Dex+3 Slay+3}
   (You found it in the Dungeon)

   [ring of slaying]

   Dex:       It affects your dexterity (+3).
   Slay:      It affects your accuracy & damage with ranged weapons and melee
   (+3).
   Will:      It increases your willpower.
 O - the ring "Moxkioju" (left hand) {rF+ rCorr Int+3 Dex+2}
   (You found it in the Dungeon)

   [ring of intelligence]

   Int:       It affects your intelligence (+3).
   Dex:       It affects your dexterity (+2).
   rF:        It protects you from fire.
   rCorr:     It protects you from acid and corrosion.
 P - the amulet of the Moon {Reflect Regen+ SH+5}
   (You found it in the Dungeon)

   [amulet of reflection]

   It reflects blocked missile attacks.
   Regen:     It increases your rate of health regeneration.
   SH:        It affects your SH (+5).
Wands
 j - a wand of digging (2)
 o - a wand of flame (8)
Scrolls
 d - a scroll of immolation
 f - 3 scrolls of fear
 k - 2 scrolls of amnesia
 r - 9 scrolls of identify
 s - 8 scrolls of enchant weapon
Potions
 e - 9 potions of curing
 g - 8 potions of haste
 h - 9 potions of magic
 i - a potion of brilliance
 v - a potion of resistance
 x - 3 potions of mutation
 A - a potion of flight
 H - a potion of might
Miscellaneous
 n - the horn of Geryon


   Skills:
 O Level 27 Fighting
 - Level 3.0(3.6) Short Blades
 - Level 3.3(4.0) Long Blades
 O Level 27 Axes
 O Level 27 Maces & Flails
 O Level 27 Polearms
 - Level 3.3(24.7) Staves
 - Level 3.0(19.7) Slings
 - Level 3.0 Bows
 - Level 3.0 Crossbows
 O Level 27 Throwing
 O Level 27 Armour
 O Level 27 Dodging
 O Level 27 Stealth
 O Level 27 Shields
 - Level 3.0 Unarmed Combat
 O Level 27 Spellcasting
 - Level 2.0 Conjurations
 - Level 1.7 Hexes
 O Level 27 Summonings
 - Level 2.0 Necromancy
 - Level 2.0 Translocations
 - Level 2.2 Transmutations
 + Level 8.8 Fire Magic
 - Level 2.0 Ice Magic
 - Level 2.0 Air Magic
 - Level 2.2 Earth Magic
 - Level 2.0 Poison Magic
 - Level 2.7 Invocations
 O Level 27 Evocations


You had 67 spell levels left.
You knew the following spells:

 Your Spells              Type           Power      Damage    Failure   Level
a - Dragon's Call         Summ           20%        N/A       21%         9

Your spell library contained the following spells:

 Spells                   Type           Power      Damage    Failure   Level
 Conjure Flame            Conj/Fire      14%        6-21      4%          3
 Ignite Poison            Fire/Tmut/Pois 13%        N/A       6%          3
 Sticky Flame             Conj/Fire      14%        2d4       14%         4
 Cause Fear               Hex            5%         N/A       52%         4
 Dragon Form              Tmut           5%         N/A       100%        7


Dungeon Overview and Level Annotations

Branches:
Dungeon (1/1)

Altars:
Cheibriados
Dithmenos
Elyvilon
Fedhas
Gozag
Hepliaklqana
Kikubaaqudgha
Makhleb
Nemelex Xobeh
Okawaru
Qazlal
Ru
Sif Muna
Trog
Uskayaw
Vehumet
Wu Jian
Xom
Yredelemnul
Zin
The Shining One
Beogh
Jiyva
Lugonu

Shops:
D *:?([([([=![[!!*[?!*


Innate Abilities, Weirdness & Mutations

You have a pair of horns on your head.
You reflexively headbutt those who attack you in melee.
You are clumsy. (Dex -2)
You are dopey. (Int -2)
Your magical capacity is low. (-10% MP)
You passively map a small area around you.


Message History

There is a glowing silver altar of Zin here.
There is a basalt altar of Yredelemnul here.
There is a shimmering altar of Xom here.
There is an ornate altar of the Wu Jian Council here.
There is a radiant altar of Vehumet here.
There is a hide-covered altar of Uskayaw here.
There is a bloodstained altar of Trog here.
There is a shimmering blue altar of Sif Muna here.
There is a sacrificial altar of Ru here.
There is a stormy altar of Qazlal here.
There is an iron altar of Okawaru here.
There is a sparkling altar of Nemelex Xobeh here.
There is a burning altar of Makhleb here.
There is a corrupted altar of Lugonu here.
There is an ancient bone altar of Kikubaaqudgha here.
A green death comes into view.
The green death roars!
You rampage towards the green death!
The green death gestures at you. The bolt of poison hits you. You resist.
There is an opulent altar of Gozag here.
You rampage towards the green death!
The green death gestures at you.
The blast of poison engulfs you but does no damage.
You resist.
There is a white marble altar of Elyvilon here.
You rampage towards the green death!
You perforate the green death like a sieve!!!
The green death convulses!
You headbutt the green death.
You kill the green death!
You now have 30210 gold pieces (gained 153).
There is a snail-covered altar of Cheibriados here.
There is a roughly hewn altar of Beogh here.
There is an open door to the Temple here.
You see here a +0 giant club.
There is an open door here.
There is an open door to the Dungeon here.
You see here a +0 dagger.
There is a staircase leading out of the dungeon here.
You have escaped!

▓▓▓▓▓▓▓▓▓▓▓▓▓▓▓▓▓▓
▓@▓...▓...▓...▓.[.
▓.▓.▓.▓.▓.▓.▓.▓.▓.
▓.▓.▓.▓.▓.▓.▓.▓.▓.
▓.▓.▓.▓.▓.▓.▓.▓[▓.
▓)▓.▓[▓.▓)▓.▓.▓.▓.
▓.▓.▓.▓.▓.▓.▓.▓.▓.
▓.▓.▓.▓)▓.▓.▓.▓.▓.
▓.▓.▓'▓.▓.▓.▓.▓.▓.
▓.▓.▓.▓.▓.▓.▓.▓.▓)


There were no monsters in sight!

Vanquished Creatures
  Cerebov (D)
  Antaeus (D)
  the Royal Jelly (D)
  Asmodeus (D)
  Ereshkigal (D)
  Gloorx Vloq (D)
  Mnoleg (D)
  A seraph (D)
  Lom Lobon (D)
  Dispater (D)
  3 orbs of fire (D)
  Mennas (D)
  9 ancient liches (D)
  7 royal mummies (D)
  Sojobo (D)
  Boris (twice) (D)
  Margery (D)
  Xtahua (D)
  Saint Roka (D)
  A curse toe (D)
  15 pandemonium lords (D)
  3 golden dragons (D)
  Nikola (D)
  Jory (D)
  Geryon (D)
  3 profane servitors (D)
  A bone dragon (D)
  4 Brimstone Fiends (D)
  4 electric golems (D)
  4 Tzitzimimeh (D)
  4 tentacled monstrosities (D)
  5 liches (D)
  4 Hell Sentinels (D)
  53 Orb Guardians (D)
  6 Ice Fiends (D)
  A hellephant (D)
  2 quicksilver dragons (D)
  4 deep elf blademasters (D)
  11 acid blobs (D)
  2 deep elf master archers (D)
  2 death cobs (D)
  16 sphinxes (D)
  Agnes (D)
  3 Executioners (D)
  7 shadow dragons (D)
  6 storm dragons (D)
  6 azure jellies (D)
  2 tengu reavers (D)
  6 rockslimes (D)
  A daeva (D)
  Ilsuiw (D)
  6 nagarajas (D)
  2 deep elf sorcerers (D)
  3 ghost moths (D)
  A fire giant (D)
  2 balrugs (D)
  2 draconian scorchers (D)
  A cacodemon (D)
  3 draconian stormcallers (D)
  Aizul (D)
  4 vault wardens (D)
  3 emperor scorpions (D)
  5 draconian annihilators (D)
  2 reapers (D)
  2 demonspawn blood saints (D)
  2 demonspawn corrupters (D)
  2 very ugly things (D)
  A war gargoyle (D)
  An eleionoma (D)
  4 quicksilver oozes (D)
  4 stone giants (D)
  2 deep elf demonologists (D)
  2 demonspawn black suns (D)
  4 green draconians (D)
  3 yellow draconians (D)
  2 black draconians (D)
  3 deep elf annihilators (D)
  8 vampire knights (D)
  Azrael (D)
  3 purple draconians (D)
  2 dire elephants (D)
  2 white draconians (D)
  7 lorocyprocas (D)
  6 blizzard demons (D)
  2 deep elf death magi (D)
  8 ettins (D)
  2 green deaths (D)
  6 mummy priests (D)
  8 merfolk javelineers (D)
  3 fire dragons (D)
  2 merfolk impalers (D)
  5 rakshasas (D)
  11 hydras (D)
  6 hell beasts (D)
  An ironbound thunderhulk (D)
  4 naga warriors (D)
  4 great orbs of eyes (D)
  5 ice dragons (D)
  25 vault guards (D)
  2 spriggan air magi (D)
  4 ogre magi (D)
  3 catoblepae (D)
  2 merfolk aquamancers (D)
  3 centaur warriors (D)
  An ironbound frostheart (D)
  3 deep troll shamans (D)
  2 alligators (D)
  5 death yaks (D)
  A spriggan berserker (D)
  A tengu warrior (D)
  A deep troll earth mage (D)
  Nergalle (D)
  4 soul eaters (D)
  An iron troll (D)
  3 hell knights (D)
  11 sun demons (D)
  3 cherubim (D)
  8 sixfirhies (D)
  A skeletal warrior (D)
  A goliath frog (D)
  6 deep trolls (D)
  8 shadow demons (D)
  A flayed ghost (D)
  2 sea snakes (D)
  6 swamp dragons (D)
  A naga ritualist (D)
  3 wizards (D)
  7 glowing orange brains (D)
  4 ironbound convokers (D)
  2 necromancers (D)
  5 orc knights (D)
  An oklob plant (D)
  3 wolf spiders (D)
  2 manticores (D)
  A will-o-the-wisp (D)
  3 ugly things (D)
  A cyclops (D)
  A worldbinder (D)
  3 vault sentinels (D)
  Maurice (D)
  5 rust devils (D)
  2 merfolk sirens (D)
  11 moths of wrath (D)
  2 black mambas (D)
  3 guardian serpents (D)
  An elephant (D)
  A water nymph (D)
  8 smoke demons (D)
  A toenail golem (D)
  3 naga magi (D)
  8 orange demons (D)
  5 hellions (D)
  4 demonic crawlers (D)
  An unseen horror (D)
  2 efreet (D)
  An ice devil (D)
  2 rime drakes (D)
  4 tormentors (D)
  A tengu conjurer (D)
  A yaktaur (D)
  A wandering mushroom (D)
  7 hellwings (D)
  15 guardian mummies (D)
  3 red devils (D)
  5 jumping spiders (D)
  4 trolls (D)
  3 tyrant leeches (D)
  A wind drake (D)
  2 merfolk (D)
  3 slime creatures (D)
  A tarantella (D)
  11 spriggans (D)
  A ynoxinul (D)
  2 wraiths (D)
  A yak (D)
  5 large abominations (D)
  4 redbacks (D)
  A water elemental (D)
  2 fire elementals (D)
  A golden eye (D)
  4 chaos spawn (D)
  6 neqoxecs (D)
  2 acid dragons (D)
  3 nagas (D)
  5 hell hounds (D)
  6 floating eyes (D)
  A water moccasin (D)
  13 orc warriors (D)
  An ogre (D)
  A small abomination (D)
  8 bullfrogs (D)
  A killer bee (D)
  A quasit (D)
  5 orc priests (D)
  A hound (D)
  An iguana (D)
  4 orc wizards (D)
  A shadow imp (D)
  A worm (D)
  8 orcs (D)
  A bat zombie (D)
  A giant cockroach (D)
  A goblin (D)
  A hobgoblin (D)
  2 ball pythons (D)
  A giant cockroach simulacrum (D)
  A giant cockroach zombie (D)
  2 ball lightnings (D)
  2 fire vortices (D)
  A lurking horror (D)
752 creatures vanquished.

Vanquished Creatures (collateral kills)
  A balrug (D)
  3 sun demons (D)
  A smoke demon (D)
5 creatures vanquished.

Vanquished Creatures (others)
  A hell beast (D)
  A wizard (D)
  A black mamba (D)
  6 ball lightnings (D)
  A foxfire (D)
10 creatures vanquished.

Grand Total: 767 creatures vanquished

Notes
Turn   | Place    | Note
-------+----------+-------------------------------------------
     0 | D        | mhtbhm the Minotaur Fighter began the quest for the Orb.
     0 | D        | Reached XP level 1. HP: 19/19 MP: 0/0
    20 | D        | Noticed an ogre
    20 | D        | Noticed an iguana
    20 | D        | Noticed a hound
    27 | D        | Reached XP level 2. HP: 28/28 MP: 1/1
    29 | D        | Killed an ogre
    30 | D        | Reached XP level 3. HP: 38/38 MP: 2/2
    30 | D        | Reached XP level 4. HP: 45/45 MP: 3/3
    33 | D        | Reached skill level 5 in Axes
    33 | D        | Reached XP level 5. HP: 52/52 MP: 4/4
    88 | D        | Found a snail-covered altar of Cheibriados.
    88 | D        | Found a shadowy altar of Dithmenos.
    88 | D        | Found a white marble altar of Elyvilon.
    88 | D        | Found a blossoming altar of Fedhas.
    88 | D        | Found an opulent altar of Gozag.
    89 | D        | Found a hazy altar of Hepliaklqana.
    90 | D        | Found a viscous altar of Jiyva.
    91 | D        | Found an ancient bone altar of Kikubaaqudgha.
    92 | D        | Found a corrupted altar of Lugonu.
    93 | D        | Found a burning altar of Makhleb.
    94 | D        | Found a sparkling altar of Nemelex Xobeh.
    95 | D        | Found an iron altar of Okawaru.
   100 | D        | Became a worshipper of Gozag Ym Sagoz the Greedy
   101 | D        | Found a stormy altar of Qazlal.
   102 | D        | Found a sacrificial altar of Ru.
   103 | D        | Found a shimmering blue altar of Sif Muna.
   104 | D        | Found a bloodstained altar of Trog.
   105 | D        | Found a hide-covered altar of Uskayaw.
   106 | D        | Found a radiant altar of Vehumet.
   107 | D        | Found an ornate altar of the Wu Jian Council.
   108 | D        | Found a shimmering altar of Xom.
   109 | D        | Found a basalt altar of Yredelemnul.
   110 | D        | Found a glowing silver altar of Zin.
   111 | D        | Found a glowing golden altar of the Shining One.
   169 | D        | Noticed an acid dragon
   169 | D        | Noticed a troll
   169 | D        | Noticed a wraith
   175 | D        | Killed an acid dragon
   179 | D        | Reached XP level 6. HP: 48/62 MP: 5/5
   186 | D        | Killed a troll
   187 | D        | Reached skill level 10 in Armour
   187 | D        | Reached skill level 1 in Stealth
   187 | D        | Reached XP level 7. HP: 44/71 MP: 6/6
   190 | D        | Killed a wraith
   191 | D        | Reached skill level 10 in Fighting
   223 | D        | Killed an unseen horror
   224 | D        | Reached skill level 10 in Axes
   224 | D        | Reached skill level 10 in Shields
   379 | D        | Noticed a troll
   379 | D        | Noticed a manticore
   379 | D        | Noticed a centaur warrior
   379 | D        | Noticed a centaur warrior
   379 | D        | Noticed a tengu warrior
   382 | D        | Killed a troll
   383 | D        | Reached skill level 1 in Dodging
   383 | D        | Reached XP level 8. HP: 75/82 MP: 7/7
   386 | D        | Killed a manticore
   390 | D        | Killed a centaur warrior
   391 | D        | Reached XP level 9. HP: 57/91 MP: 8/8
   400 | D        | Killed a centaur warrior
   404 | D        | Killed a tengu warrior
   775 | D        | Noticed a black mamba
   775 | D        | Noticed a six-headed hydra
   781 | D        | Killed a ten-headed hydra
   782 | D        | Reached skill level 15 in Axes
   782 | D        | Reached skill level 15 in Armour
   782 | D        | Reached XP level 10. HP: 101/101 MP: 9/9
   782 | D        | Noticed a seven-headed hydra
   785 | D        | Killed a black mamba
   802 | D        | Killed a nine-headed hydra
   804 | D        | Reached skill level 1 in Evocations
  1050 | D        | Noticed an eight-headed hydra
  1050 | D        | Noticed an elephant
  1050 | D        | Noticed an oklob plant
  1062 | D        | HP: 1/103 [11-headed hydra (5)]
  1063 | D        | Killed an 11-headed hydra
  1064 | D        | Reached skill level 5 in Dodging
  1460 | D        | Killed an elephant
  1479 | D        | Killed an oklob plant
  1515 | D        | Noticed a death yak
  1515 | D        | Noticed a catoblepas
  1515 | D        | Noticed a death yak
  1515 | D        | Noticed a catoblepas
  1515 | D        | Noticed a catoblepas
  1515 | D        | Noticed a death yak
  1520 | D        | Killed a death yak
  1521 | D        | Reached XP level 11. HP: 96/111 MP: 10/10
  1588 | D        | Noticed a death yak
  1592 | D        | Noticed a death yak
  1593 | D        | Killed a catoblepas
  1594 | D        | Reached skill level 15 in Fighting
  1649 | D        | Killed a death yak
  1663 | D        | Killed a catoblepas
  1696 | D        | Killed a catoblepas
  1703 | D        | Killed a death yak
  1707 | D        | Killed a death yak
  1714 | D        | Killed a death yak
  1715 | D        | Reached skill level 5 in Stealth
  1962 | D        | Noticed Maurice
  1982 | D        | Killed Maurice
  2274 | D        | Noticed an orc knight
  2274 | D        | Noticed an orc knight
  2275 | D        | Noticed an orc knight
  2282 | D        | Killed an orc knight
  2285 | D        | Killed an orc knight
  2299 | D        | Killed an orc knight
  2341 | D        | Upgraded the game from 0.28-a0-984-g3775c662fe to
                  | 0.28-a0-991-g956f0ee3d5
  2475 | D        | Found Tahimunits's General Store.
  2475 | D        | Noticed a deep troll
  2475 | D        | Noticed an iron troll
  2475 | D        | Noticed a deep troll
  2475 | D        | Noticed an ettin
  2475 | D        | Noticed a deep troll
  2478 | D        | Noticed a deep troll
  2482 | D        | Killed an iron troll
  2484 | D        | Killed a deep troll
  2485 | D        | Reached skill level 5 in Evocations
  2485 | D        | Reached XP level 12. HP: 123/127 MP: 11/11
  2486 | D        | Noticed an ogre mage
  2489 | D        | Reached skill level 15 in Shields
  2489 | D        | Found Miup's Book Shoppe.
  2491 | D        | Killed an ettin
  2496 | D        | Found Baps's Magic Scroll Emporium.
  2513 | D        | Killed an ogre mage
  2514 | D        | Found Zunitor's Weapon Shoppe.
  2519 | D        | Noticed an ogre mage
  2520 | D        | Noticed an ogre mage
  2537 | D        | Killed an ogre mage
  2540 | D        | Killed an ogre mage
  2682 | D        | Bought a scroll of fear for 42 gold pieces
  2682 | D        | Bought a scroll of identify for 24 gold pieces
  2686 | D        | Bought a scroll of magic mapping for 35 gold pieces
  2695 | D        | Bought a potion of curing for 36 gold pieces
  2962 | D        | Bought a smoking chain mail for 266 gold pieces
  2962 | D        | Identified the +0 chain mail "Apippe Bucvi" {rN+} (You
                  | bought it in a shop in the Dungeon)
  2973 | D        | Bought a glowing plate armour for 728 gold pieces
  2978 | D        | Bought a glowing cloak for 210 gold pieces
  2994 | D        | Bought a runed plate armour for 728 gold pieces
  3003 | D        | Noticed a rakshasa
  3011 | D        | Noticed a rakshasa
  3013 | D        | Noticed a cyan very ugly thing
  3018 | D        | Noticed a fire dragon
  3023 | D        | Noticed an ice dragon
  3027 | D        | Noticed a rakshasa
  3031 | D        | Killed a rakshasa
  3033 | D        | Noticed a great orb of eyes
  3038 | D        | Noticed a spriggan air mage
  3040 | D        | Killed a cyan very ugly thing
  3048 | D        | Killed a rakshasa
  3053 | D        | Killed a fire dragon
  3058 | D        | Killed an ice dragon
  3061 | D        | Killed a rakshasa
  3062 | D        | Reached XP level 13. HP: 102/140 MP: 12/12
  3253 | D        | Noticed Azrael
  3286 | D        | Killed Azrael
  3289 | D        | Noticed Nergalle
  3303 | D        | Killed Nergalle
  3535 | D        | Noticed Agnes
  3545 | D        | Killed Agnes
  3717 | D        | Noticed a nagaraja
  3730 | D        | Killed a nagaraja
  3739 | D        | Reached skill level 10 in Stealth
  4662 | D        | Noticed an eleionoma
  4685 | D        | Killed an eleionoma
  4791 | D        | Noticed a merfolk javelineer
  4804 | D        | Killed a merfolk javelineer
  5161 | D        | Noticed a stone giant
  5167 | D        | Paralysed by a floating eye for 3 turns
  5172 | D        | Noticed an ettin
  5174 | D        | Reached XP level 14. HP: 128/157 MP: 13/13
  5179 | D        | Killed a stone giant
  5180 | D        | Paralysed by a floating eye for 4 turns
  5200 | D        | Noticed a lich
  5210 | D        | Paralysed by a floating eye for 3 turns
  5222 | D        | Paralysed by a floating eye for 2 turns
  5225 | D        | Killed a lich
  5778 | D        | Bought shiny gold dragon scales for 2656 gold pieces
  5787 | D        | Bought a pair of glowing boots for 240 gold pieces
  5804 | D        | Noticed a vault warden
  5804 | D        | Noticed a sphinx
  5808 | D        | Killed a vault warden
  5837 | D        | Killed a sphinx
  5838 | D        | Noticed a sphinx
  5852 | D        | Killed a sphinx
  6264 | D        | Noticed Mennas
  6289 | D        | Killed Mennas
  6371 | D        | Noticed Margery
  6395 | D        | Killed Margery
  6404 | D        | Reached skill level 27 in Fighting
  6407 | D        | Reached XP level 15. HP: 61/174 MP: 14/14
  6833 | D        | Noticed Saint Roka
  6861 | D        | Killed Saint Roka
  7079 | D        | Noticed Sojobo
  7080 | D        | Noticed a tengu reaver
  7080 | D        | Noticed a tengu reaver
  7100 | D        | Killed Sojobo
  7102 | D        | Killed a tengu reaver
  7103 | D        | Reached skill level 1 in Throwing
  7114 | D        | Killed a tengu reaver
  7418 | D        | Reached skill level 10 in Maces & Flails
  7477 | D        | Got a decaying rune of Zot
  7546 | D        | Noticed a nagaraja
  7546 | D        | Noticed a nagaraja
  7546 | D        | Noticed a nagaraja
  7546 | D        | Noticed a nagaraja
  7547 | D        | Noticed a nagaraja
  7560 | D        | Killed a nagaraja
  7567 | D        | Killed a nagaraja
  7569 | D        | Killed a nagaraja
  7961 | D        | Killed a nagaraja
  8054 | D        | Killed a nagaraja
  8055 | D        | Reached skill level 15 in Maces & Flails
  8277 | D        | Got a serpentine rune of Zot
  8284 | D        | Noticed Ilsuiw
  8320 | D        | Killed Ilsuiw
  8709 | D        | Killed a ghost moth
  8724 | D        | Got a barnacled rune of Zot
  8814 | D        | Killed a ghost moth
  8851 | D        | Got a gossamer rune of Zot
  8958 | D        | Noticed Jory
  8969 | D        | Killed Jory
  8970 | D        | Reached XP level 16. HP: 156/183 MP: 15/15
  8992 | D        | Noticed Boris
  9008 | D        | Killed Boris
  9035 | D        | Noticed Xtahua
  9048 | D        | Killed Xtahua
  9376 | D        | Reached skill level 27 in Shields
  9415 | D        | Reached skill level 15 in Stealth
  9561 | D        | Bought a twisted broad axe for 297 gold pieces
  9561 | D        | Identified the +8 broad axe of Balance {antimagic, rN+
                  | Int+4 Dex+3} (You bought it in a shop in the Dungeon)
  9563 | D        | Bought a runed morningstar for 231 gold pieces
  9570 | D        | Noticed a golden dragon
  9602 | D        | Noticed a shadow dragon
  9606 | D        | Killed a golden dragon
  9621 | D        | Noticed a shadow dragon
  9639 | D        | Killed a shadow dragon
  9650 | D        | Noticed a sphinx
  9652 | D        | Killed a shadow dragon
  9657 | D        | Reached skill level 27 in Armour
  9664 | D        | Killed a sphinx
  9783 | D        | Noticed a sphinx
  9783 | D        | Noticed a shadow dragon
  9783 | D        | Noticed a tentacled monstrosity
  9783 | D        | Noticed an ancient lich
  9783 | D        | Noticed a shadow dragon
  9788 | D        | Killed a sphinx
  9791 | D        | Noticed a shadow dragon
  9795 | D        | Killed a tentacled monstrosity
  9810 | D        | Killed an ancient lich
  9811 | D        | Reached skill level 5 in Throwing
  9823 | D        | Killed a shadow dragon
  9830 | D        | Reached skill level 10 in Dodging
  9830 | D        | Identified the +8 scimitar of Valour {holy, rF+ MP+9 Int+2
                  | Dex+3}
  9835 | D        | Killed a shadow dragon
  9839 | D        | Identified the +1 scale mail of Burning Creativity {Str+6
                  | Int+4 SInv}
  9842 | D        | Killed a shadow dragon
  9843 | D        | Reached XP level 17. HP: 122/191 MP: 5/16
  9849 | D        | Reached skill level 27 in Axes
  9849 | D        | Identified the +2 dagger of Grontol {spect, Str+2 Int+4
                  | SInv}
  9852 | D        | Got a silver rune of Zot
  9970 | D        | Noticed Aizul
  9979 | D        | Killed Aizul
 10000 | D        | Bought a pair of glowing gloves for 262 gold pieces
 10000 | D        | Bought a pair of embroidered gloves for 262 gold pieces
 10018 | D        | Bought a shiny kite shield for 262 gold pieces
 10033 | D        | Noticed Nikola
 10046 | D        | Killed Nikola
 10132 | D        | Got the amulet "Qettetha" {Reflect rPois rN+ SH+5}
 10134 | D        | Got the ring "Mudazegi" {Will+ Dex+3 Slay+3}
 10136 | D        | Got the amulet of Ejihaosch {RegenMP rElec}
 10138 | D        | Got the ring "Moxkioju" {rF+ rCorr Int+3 Dex+2}
 10140 | D        | Got the amulet of the Moon {Reflect Regen+ SH+5}
 10156 | D        | Got the +0 hat of the Beekeeper {Str+6 Dex+4}
 10378 | D        | Reached skill level 10 in Evocations
 10436 | D        | Noticed a golden dragon
 10440 | D        | Killed a golden dragon
 10447 | D        | Reached skill level 10 in Throwing
 10567 | D        | Reached skill level 27 in Maces & Flails
 10678 | D        | Noticed a curse toe
 10678 | D        | Noticed a quicksilver dragon
 10688 | D        | Reached skill level 15 in Dodging
 10695 | D        | Killed a curse toe
 10702 | D        | Killed a quicksilver dragon
 11104 | D        | Bought a potion of might for 60 gold pieces
 11104 | D        | Bought a potion of heal wounds for 75 gold pieces
 11104 | D        | Bought a potion of might for 60 gold pieces
 11104 | D        | Bought a potion of mutation for 120 gold pieces
 11110 | D        | Noticed an electric golem
 11126 | D        | Noticed a quicksilver dragon
 11140 | D        | Killed an electric golem
 11147 | D        | Killed a quicksilver dragon
 11329 | D        | Noticed a golden dragon
 11337 | D        | Reached skill level 15 in Throwing
 11339 | D        | Killed a golden dragon
 11347 | D        | Reached skill level 15 in Evocations
 11630 | D        | Noticed an Orb Guardian
 11630 | D        | Noticed an Orb Guardian
 11630 | D        | Noticed an Orb Guardian
 11630 | D        | Noticed an Orb Guardian
 11630 | D        | Noticed an Orb Guardian
 11630 | D        | Noticed an Orb Guardian
 11634 | D        | Killed an Orb Guardian
 11634 | D        | Noticed an Orb Guardian
 11639 | D        | Killed an Orb Guardian
 11641 | D        | Noticed an Orb Guardian
 11642 | D        | Killed an Orb Guardian
 11648 | D        | Killed an Orb Guardian
 11653 | D        | Killed an Orb Guardian
 11654 | D        | Reached XP level 18. HP: 200/200 MP: 0/17
 11660 | D        | Killed an Orb Guardian
 11664 | D        | Killed an Orb Guardian
 11668 | D        | Killed an Orb Guardian
 11722 | D        | Noticed an Orb Guardian
 11723 | D        | Noticed an Orb Guardian
 11730 | D        | Killed an Orb Guardian
 11733 | D        | Killed an Orb Guardian
 11791 | D        | Noticed a tentacled monstrosity
 11791 | D        | Noticed an Orb Guardian
 11791 | D        | Noticed an Orb Guardian
 11792 | D        | Noticed an Orb Guardian
 11797 | D        | Noticed an Orb Guardian
 11800 | D        | Killed a tentacled monstrosity
 11804 | D        | Killed an Orb Guardian
 11805 | D        | Killed an Orb Guardian
 11809 | D        | Killed an Orb Guardian
 11811 | D        | Killed an Orb Guardian
 11866 | D        | Noticed an ancient lich
 11876 | D        | Killed an ancient lich
 11925 | D        | Noticed an orb of fire
 11934 | D        | Killed an orb of fire
 12023 | D        | Noticed an electric golem
 12027 | D        | Killed an electric golem
 12083 | D        | Noticed an Orb Guardian
 12083 | D        | Noticed an ancient lich
 12083 | D        | Noticed a tentacled monstrosity
 12083 | D        | Noticed an orb of fire
 12086 | D        | Killed an Orb Guardian
 12086 | D        | Killed an ancient lich
 12087 | D        | Killed a tentacled monstrosity
 12087 | D        | Noticed an ancient lich
 12089 | D        | Killed an orb of fire
 12089 | D        | Noticed an orb of fire
 12090 | D        | Noticed an ancient lich
 12092 | D        | Killed an ancient lich
 12092 | D        | Gained mutation: You are weak. (Str -2) [an orb of fire]
 12094 | D        | Gained mutation: You are dopey. (Int -2) [an orb of fire]
 12095 | D        | Noticed an electric golem
 12096 | D        | Gained mutation: You are very dopey. (Int -4) [an orb of
                  | fire]
 12097 | D        | Killed an ancient lich
 12097 | D        | Noticed an electric golem
 12098 | D        | Noticed an Orb Guardian
 12101 | D        | Killed an orb of fire
 12106 | D        | Killed an electric golem
 12115 | D        | Killed an electric golem
 12117 | D        | Killed an Orb Guardian
 12269 | D        | Noticed an Orb Guardian
 12269 | D        | Noticed an Orb Guardian
 12269 | D        | Noticed an Orb Guardian
 12269 | D        | Noticed an Orb Guardian
 12269 | D        | Noticed an Orb Guardian
 12269 | D        | Noticed an Orb Guardian
 12272 | D        | Noticed an Orb Guardian
 12272 | D        | Killed an Orb Guardian
 12273 | D        | Killed an Orb Guardian
 12274 | D        | Killed an Orb Guardian
 12275 | D        | Noticed an Orb Guardian
 12277 | D        | Killed an Orb Guardian
 12278 | D        | Killed an Orb Guardian
 12278 | D        | Killed an Orb Guardian
 12281 | D        | Killed an Orb Guardian
 12284 | D        | Killed an Orb Guardian
 12285 | D        | Noticed an Orb Guardian
 12286 | D        | Noticed an Orb Guardian
 12286 | D        | Noticed an Orb Guardian
 12287 | D        | Noticed an Orb Guardian
 12294 | D        | Killed an Orb Guardian
 12296 | D        | Killed an Orb Guardian
 12297 | D        | Reached XP level 19. HP: 207/207 MP: 0/18
 12429 | D        | Noticed an ancient lich
 12430 | D        | Noticed an ancient lich
 12433 | D        | Reached skill level 1 in Polearms
 12436 | D        | Noticed an ancient lich
 12448 | D        | Killed an ancient lich
 12457 | D        | Killed an ancient lich
 12476 | D        | Killed an ancient lich
 12830 | D        | Reached skill level 10 in Polearms
 12896 | D        | Reached skill level 15 in Polearms
 12898 | D        | Reached skill level 27 in Throwing
 12981 | D        | Got an elven rune of Zot
 13007 | D        | Noticed the Royal Jelly
 13020 | D        | Killed the Royal Jelly
 13079 | D        | Got a slimy rune of Zot
 13459 | D        | Reached skill level 27 in Dodging
 13979 | D        | Noticed a royal mummy
 13980 | D        | Reached XP level 20. HP: 101/216 MP: 19/19
 13988 | D        | Killed a royal mummy
 14227 | D        | Noticed a royal mummy
 14227 | D        | Noticed a royal mummy
 14227 | D        | Noticed a royal mummy
 14227 | D        | Noticed a royal mummy
 14233 | D        | Killed a royal mummy
 14233 | D        | Killed a royal mummy
 14233 | D        | Killed a royal mummy
 14234 | D        | Reached skill level 27 in Polearms
 14234 | D        | Noticed a royal mummy
 14237 | D        | Killed a royal mummy
 14238 | D        | Noticed a royal mummy
 14258 | D        | Killed a royal mummy
 14268 | D        | Killed a royal mummy
 14597 | D        | Got a golden rune of Zot
 14632 | D        | Noticed a bone dragon
 14637 | D        | Killed a bone dragon
 14934 | D        | Got an abyssal rune of Zot
 14952 | D        | Bought a scroll of immolation for 63 gold pieces
 14954 | D        | Bought a potion of heal wounds for 95 gold pieces
 14954 | D        | Bought 2 potions of curing for 114 gold pieces
 14954 | D        | Bought a potion of mutation for 152 gold pieces
 14954 | D        | Lost mutation: You are very dopey. (Int -4) [potion of
                  | mutation]
 14954 | D        | Lost mutation: You are weak. (Str -2) [potion of mutation]
 14954 | D        | Gained mutation: You passively map a small area around you.
                  | [potion of mutation]
 14954 | D        | Gained mutation: You are clumsy. (Dex -2) [potion of
                  | mutation]
 15084 | D        | Noticed Geryon
 15109 | D        | Killed Geryon
 15253 | D        | Found the +4 staff of Dispater
 15253 | D        | Noticed Dispater
 15253 | D        | Noticed Ereshkigal
 15270 | D        | Found the +6 sword of Cerebov {flame}
 15270 | D        | Noticed Cerebov
 15276 | D        | Killed Dispater
 15279 | D        | Noticed Lom Lobon
 15289 | D        | Killed Ereshkigal
 15296 | D        | Noticed Mnoleg
 15299 | D        | Bought a potion of experience for 800 gold pieces
 15299 | D        | Reached skill level 1 in Spellcasting
 15299 | D        | Reached XP level 21. HP: 75/224 MP: 0/21
 15302 | D        | Bought a scroll of blinking for 135 gold pieces
 15305 | D        | HP: 11/224 [hellion/damnation[Cerebov] (31)]
 15790 | D        | Killed Cerebov
 15791 | D        | Reached skill level 27 in Stealth
 15791 | D        | Reached skill level 27 in Evocations
 16130 | D        | Bought a potion of heal wounds for 100 gold pieces
 16130 | D        | Bought a potion of heal wounds for 100 gold pieces
 16158 | D        | Killed Lom Lobon
 16159 | D        | Reached skill level 1 in Hexes
 16228 | D        | Noticed Gloorx Vloq
 16240 | D        | Killed Gloorx Vloq
 16241 | D        | Reached skill level 5 in Spellcasting
 16241 | D        | Reached skill level 5 in Summonings
 16656 | D        | Killed Mnoleg
 16921 | D        | Got an iron rune of Zot
 16925 | D        | Got a bone rune of Zot
 16928 | D        | Found the +7 sceptre of Asmodeus
 16928 | D        | Noticed Asmodeus
 16929 | D        | Got a fiery rune of Zot
 16963 | D        | Killed Asmodeus
 17028 | D        | Got a magical rune of Zot
 17032 | D        | Got a glowing rune of Zot
 17034 | D        | Noticed Antaeus
 17053 | D        | Killed Antaeus
 17054 | D        | Reached skill level 10 in Summonings
 17057 | D        | Got an icy rune of Zot
 17061 | D        | Got a dark rune of Zot
 17065 | D        | Got an obsidian rune of Zot
 17472 | D        | Got the Orb of Zot
 17737 | D        | Noticed Taotugac the pandemonium lord
 17744 | D        | Killed Taotugac the pandemonium lord
 17745 | D        | Reached skill level 10 in Spellcasting
 18063 | D        | Noticed Weytucwa the pandemonium lord
 18082 | D        | Killed Weytucwa the pandemonium lord
 18614 | D        | Reached XP level 22. HP: 233/233 MP: 22/37
 18774 | D        | Learned a level 9 spell: Dragon's Call
 18803 | D        | Noticed Ohoe the pandemonium lord
 18811 | D        | Killed Ohoe the pandemonium lord
 18868 | D        | Reached skill level 15 in Summonings
 19133 | D        | Reached skill level 15 in Spellcasting
 19559 | D        | Noticed Feyqev the pandemonium lord
 19567 | D        | Killed Feyqev the pandemonium lord
 20150 | D        | Noticed a seraph
 20164 | D        | Killed a seraph
 20281 | D        | Noticed Paotoroi the pandemonium lord
 20289 | D        | Killed Paotoroi the pandemonium lord
 20332 | D        | Noticed Weluhoxe the pandemonium lord
 20357 | D        | Killed Weluhoxe the pandemonium lord
 20815 | D        | Noticed Ydia the pandemonium lord
 20823 | D        | Killed Ydia the pandemonium lord
 20861 | D        | Gained mutation: Your magical capacity is low. (-10% MP) [a
                  | neqoxec]
 21117 | D        | Noticed Gapaipob the pandemonium lord
 21129 | D        | Killed Gapaipob the pandemonium lord
 21395 | D        | Noticed Yckuke Ydikk the pandemonium lord
 21396 | D        | Noticed an ancient lich
 21402 | D        | Killed Yckuke Ydikk the pandemonium lord
 21404 | D        | Killed an ancient lich
 22039 | D        | Noticed Peaczur the pandemonium lord
 22048 | D        | Killed Peaczur the pandemonium lord
 22049 | D        | Reached XP level 23. HP: 240/240 MP: 34/46
 22205 | D        | Noticed Pimoupp the pandemonium lord
 22244 | D        | Killed Pimoupp the pandemonium lord
 22477 | D        | Reached skill level 27 in Spellcasting
 22909 | D        | Noticed Boris
 22917 | D        | Killed Boris
 23261 | D        | Noticed Qaen Vua the pandemonium lord
 23274 | D        | Killed Qaen Vua the pandemonium lord
 23282 | D        | Noticed Ifo Iniy the pandemonium lord
 23291 | D        | Killed Ifo Iniy the pandemonium lord
 23642 | D        | Noticed Ziluikip the pandemonium lord
 23654 | D        | Killed Ziluikip the pandemonium lord
 24010 | D        | Noticed Eboluuth the pandemonium lord
 24017 | D        | Killed Eboluuth the pandemonium lord
 24020 | D        | Reached skill level 27 in Summonings
 24036 | D        | Reached skill level 5 in Fire Magic
 24185 | D        | Escaped with the Orb!

Illustrated notes

Levels and vault maps discovered:
D:        linesprint [early_d, line_temple, items_1, d_10, items_2, lair_1,
          lair_end, items_3, orc_1, orc_end, items_4, d_15, swamp_1, shoals_1,
          snake_1, spider_1, d_20, vaults_1, items_5, swamp_end, shoals_end,
          snake_end, spider_end, vaults_end, d_27, items_6, zot_1, zot_end,
          crypt_end, forest_end, elf_end, slime_end, tomb_end, abyss_end,
          pan_hell_end]

Skill      XL: |  1  2  3  4  5  6  7  8  9 10 11 12 13 14 15 16 17 18 19 20 21 22 23 |
---------------+----------------------------------------------------------------------+-----
Fighting       | 4 6 7 8 9 11 12 13 14 17 20 23 27 | 27.0
Armour         | 4 6 7 9 10 12 13 15 17 18 20 21 23 25 27 | 27.0
Shields        | 4 6 7 8 9 10 11 13 14 16 18 19 25 27 | 27.0
Axes           | 4 5 6 8 10 13 15 16 18 20 22 25 26 27 | 27.0
Stealth        | 1 2 3 4 5 8 11 12 13 17 19 22 24 26 27 | 27.0
Dodging        | 1 2 3 5 7 8 10 19 24 27 | 27.0
Evocations     | 2 5 6 8 15 20 23 26 27 | 27.0
Maces & Flails | 18 25 27 | 27.0
Throwing       | 2 6 16 23 27 | 27.0
Polearms       | 24 27 | 27.0
Spellcasting   | 1 12 25 27 | 27.0
Short Blades   | 3 |  3.0
Long Blades    | 3 |  3.3
Staves         | 3 |  3.3
Slings         | 3 |  3.0
Bows           | 3 |  3.0
Crossbows      | 3 |  3.0
Unarmed Combat | 3 |  3.0
Conjurations   | 2 |  2.0
Hexes          | 1 |  1.7
Summonings     | 13 19 27 | 27.0
Necromancy     | 2 |  2.0
Translocations | 2 |  2.0
Transmutations | 2 |  2.2
Fire Magic     | 2 8 |  8.8
Ice Magic      | 2 |  2.0
Air Magic      | 2 |  2.0
Earth Magic    | 2 |  2.2
Poison Magic   | 2 |  2.0
Invocations    | 2 |  2.7

Action                   |  1- 3 |  4- 6 |  7- 9 | 10-12 | 13-15 | 16-18 | 19-21 | 22-24 || total
-------------------------+-------+-------+-------+-------+-------+-------+-------+-------++-------
Melee: War axe           |    17 |    18 |    51 |   251 |   439 |       |       |       ||   776
       Headbutt          |     4 |     2 |    15 |    70 |   203 |   255 |   173 |   201 ||   923
       Demon whip        |       |       |       |       |   386 |   204 |       |       ||   590
       Broad axe         |       |       |       |       |       |   505 |   157 |    23 ||   685
       Trishula          |       |       |       |       |       |       |   292 |   609 ||   901
Throw: Javelin           |       |       |       |       |     3 |    31 |    46 |     4 ||    84
       Throwing net      |       |       |       |       |     1 |       |       |       ||     1
 Cast: Dragon's Call     |       |       |       |       |       |       |       |     1 ||     1
Invok: Potion Petition   |       |       |       |     3 |     6 |     1 |     9 |     5 ||    24
       Call Merchant     |       |       |       |     2 |     1 |     6 |     7 |       ||    16
Evoke: Wand              |       |       |       |    18 |       |       |       |       ||    18
       Horn of Geryon    |       |       |       |       |       |       |       |     2 ||     2
  Use: Potion            |     1 |     2 |     4 |     5 |     3 |     2 |    21 |     2 ||    40
       Scroll            |       |       |       |     3 |     6 |     2 |    13 |       ||    24
 Stab: Invisible         |       |     1 |       |    10 |     1 |       |     1 |       ||    13
       Distracted        |       |       |     1 |     4 |    12 |     7 |     6 |     4 ||    34
       Held in net/web   |       |       |       |       |     5 |       |       |       ||     5
       Sleeping          |       |       |       |       |       |     1 |     1 |       ||     2
Armor: Chain mail        |       |     5 |    50 |    99 |       |       |       |       ||   154
       Plate armour      |       |       |       |     7 |   121 |       |       |       ||   128
       Gold dragon scale |       |       |       |       |   189 |   104 |    68 |    43 ||   404
Dodge: Dodged            |     9 |     7 |    16 |    89 |   180 |    69 |    59 |    57 ||   486
Block: Buckler           |     2 |     8 |    13 |    67 |    76 |       |       |       ||   166
       Tower shield      |       |       |       |       |   230 |   384 |   299 |   362 ||  1275
       Kite shield       |       |       |       |       |       |     4 |       |       ||     4
       Reflection        |       |       |       |       |       |     3 |    11 |     4 ||    18

Table legend: (Time is in decaauts) A = Elapsed time spent in this place. B = Non-inter-level travel time spent in this place. C = Inter-level travel time spent in this place. D = Time resting spent in this place. E = Time spent auto-exploring this place. F = Levels seen in this place. G = Mean time per level. A B C D E F G +--------+--------+--------+--------+--------+-----+--------+ Total | 23170 | 22695 | 475 | 12184 | 2095 | 1 | 23170.0 | Dungeon | 23170 | 22695 | 475 | 12184 | 2095 | 1 | 23170.0 | +--------+--------+--------+--------+--------+-----+--------+

Top non-repeatable levels by time:
       D: 23170 daAuts
